[ AOE2 MATCH · #495915880 ]
UnrankedPersians vs Aztecs
Player's team · WIN
Rival team · LOSS
[ REPLAY ANALYSIS · EXTRACTED FROM THE RECORDED GAME ]
Feudal
8:07
Castle
23:10
Imperial
—
| APM avg | 58.0 |
| APM peak | 104 |
| eAPM avg | 22.8 |
| Villagers / military | 65 / 41 |
Focus
⚔️ 42.9% · 🌾 57.1%
Skirmisher ×20 · Knight ×15 · Scout Cavalry ×6
Feudal
8:51
Castle
24:05
Imperial
—
| APM avg | 53.2 |
| APM peak | 107 |
| eAPM avg | 27.9 |
| Villagers / military | 59 / 57 |
Focus
⚔️ 39.5% · 🌾 60.5%
Eagle Scout ×24 · Monk ×11 · Archer ×8 · Spearman ×8 · Militia ×5 · Skirmisher ×1
Match map
Initial resources + every placement click. Lines = walls · curves = elevation contours. ◆ gold · ⬟ stone · ● berries · ✦ relic · ◌ wall gap
Your base· ✓ Closed at 23:10 · 31t walls · 4 gate(s)
manteldon's base· ✓ Closed at 24:05 · 50t walls · 1 gate(s)
Smoothed initial terrain · ◌ = detected wall gap · hover for details
Inputs per minute
— aDT_Flempopo - - manteldon
Build order — aDT_Flempopo
First 150 of 193 actions detected
| 0:01 | Queue | Villager (Male) |
| 0:01 | Queue | Villager (Male) |
| 0:02 | Queue | Villager (Male) |
| 0:02 | Build | House |
| 0:04 | Build | House |
| 0:11 | Queue | Villager (Male) |
| 0:13 | Queue | Villager (Male) |
| 1:25 | Queue | Villager (Male) |
| 1:48 | Build | Lumber Camp |
| 1:59 | Queue | Villager (Male) |
| 2:12 | Queue | Villager (Male) |
| 2:54 | Queue | Villager (Male) |
| 3:18 | Queue | Villager (Male) |
| 3:42 | Build | House |
| 3:50 | Queue | Villager (Male) |
| 4:12 | Build | Mill |
| 4:17 | Queue | Villager (Male) |
| 4:33 | Queue | Villager (Male) |
| 4:57 | Queue | Villager (Male) |
| 5:23 | Research | Loom |
| 5:35 | Research | Loom |
| 6:03 | Research | Feudal Age |
| 7:04 | Build | Barracks |
| 7:31 | Queue | Villager (Male) |
| 7:44 | Build | House |
| 8:07 | Age | Feudal Age |
| 8:08 | Build | Stable |
| 8:12 | Research | Double-Bit Axe |
| 8:13 | Queue | Villager (Male) |
| 8:35 | Build | House |
| 8:37 | Build | Palisade Wall |
| 8:42 | Build | Palisade Wall |
| 8:48 | Queue | Villager (Male) |
| 8:55 | Build | House |
| 8:57 | Build | Palisade Wall |
| 9:05 | Queue | Villager (Male) |
| 9:12 | Queue | Scout Cavalry |
| 9:13 | Queue | Scout Cavalry |
| 9:17 | Build | House |
| 9:31 | Queue | Villager (Male) |
| 9:34 | Queue | Villager (Male) |
| 9:43 | Build | Palisade Gate |
| 9:53 | Queue | Villager (Male) |
| 10:16 | Queue | Scout Cavalry |
| 10:33 | Queue | Villager (Male) |
| 10:58 | Build | Archery Range |
| 11:08 | Queue | Villager (Male) |
| 11:17 | Research | Horse Collar |
| 11:26 | Build | Farm |
| 11:28 | Build | Farm |
| 11:34 | Queue | Villager (Male) |
| 11:42 | Build | Farm |
| 11:47 | Build | Palisade Gate |
| 11:55 | Queue | Skirmisher |
| 11:56 | Queue | Villager (Male) |
| 12:19 | Build | Farm |
| 12:22 | Queue | Skirmisher |
| 12:27 | Build | Farm |
| 12:27 | Queue | Villager (Male) |
| 12:31 | Build | House |
| 12:33 | Build | Palisade Wall |
| 12:49 | Queue | Skirmisher |
| 12:49 | Queue | Villager (Male) |
| 12:55 | Build | Farm |
| 13:04 | Build | Farm |
| 13:11 | Queue | Villager (Male) |
| 13:18 | Queue | Skirmisher |
| 13:26 | Build | Farm |
| 13:31 | Build | Farm |
| 13:42 | Queue | Villager (Male) |
| 13:46 | Build | House |
| 13:48 | Build | Palisade Wall |
| 13:54 | Queue | Scout Cavalry |
| 13:58 | Build | Farm |
| 14:03 | Queue | Villager (Male) |
| 14:12 | Build | Farm |
| 14:20 | Queue | Skirmisher |
| 14:28 | Queue | Villager (Male) |
| 14:32 | Build | Farm |
| 14:50 | Queue | Villager (Male) |
| 14:52 | Build | Farm |
| 14:55 | Build | Farm |
| 15:10 | Queue | Skirmisher |
| 15:11 | Queue | Scout Cavalry |
| 15:15 | Queue | Villager (Male) |
| 15:26 | Queue | Villager (Male) |
| 15:28 | Build | Mining Camp |
| 15:34 | Build | Palisade Wall |
| 15:35 | Queue | Villager (Male) |
| 15:37 | Build | Palisade Wall |
| 15:42 | Queue | Skirmisher |
| 15:43 | Queue | Villager (Male) |
| 15:47 | Build | Blacksmith |
| 15:48 | Build | House |
| 15:54 | Build | House |
| 16:07 | Queue | Skirmisher |
| 16:20 | Build | Mining Camp |
| 16:33 | Research | Fletching |
| 16:34 | Queue | Skirmisher |
| 16:38 | Build | House |
| 16:52 | Build | Farm |
| 16:59 | Queue | Skirmisher |
| 17:07 | Queue | Villager (Male) |
| 17:20 | Build | Farm |
| 17:24 | Build | Farm |
| 17:27 | Queue | Skirmisher |
| 17:35 | Build | Farm |
| 17:36 | Queue | Villager (Male) |
| 17:46 | Queue | Villager (Male) |
| 17:54 | Build | Farm |
| 18:12 | Build | Farm |
| 18:13 | Queue | Villager (Male) |
| 18:22 | Queue | Skirmisher |
| 18:36 | Build | Palisade Gate |
| 18:51 | Queue | Villager (Male) |
| 18:54 | Queue | Skirmisher |
| 18:54 | Queue | Villager (Male) |
| 18:58 | Queue | Skirmisher |
| 19:08 | Queue | Scout Cavalry |
| 19:30 | Queue | Villager (Male) |
| 19:43 | Queue | Villager (Male) |
| 20:13 | Queue | Villager (Male) |
| 20:19 | Build | Market |
| 20:26 | Queue | Skirmisher |
| 20:26 | Queue | Skirmisher |
| 20:42 | Research | Castle Age |
| 20:55 | Build | Stable |
| 21:21 | Research | Bloodlines |
| 21:37 | Research | Gold Mining |
| 21:47 | Build | Palisade Gate |
| 21:54 | Build | House |
| 22:01 | Research | Scale Barding Armor |
| 22:33 | Queue | Villager (Male) |
| 23:10 | Age | Castle Age |
| 23:13 | Queue | Knight |
| 23:14 | Queue | Knight |
| 23:15 | Research | Chain Barding Armor |
| 23:15 | Queue | Villager (Male) |
| 23:21 | Build | Town Center |
| 23:37 | Queue | Knight |
| 23:37 | Queue | Knight |
| 23:42 | Queue | Villager (Male) |
| 23:52 | Build | Town Center |
| 24:01 | Queue | Knight |
| 24:01 | Queue | Knight |
| 24:06 | Queue | Villager (Male) |
| 24:13 | Research | Town Watch |
| 24:27 | Build | Farm |
| 24:27 | Build | Farm |
| 24:27 | Build | Farm |
Build order — manteldon
First 150 of 226 actions detected
| 0:01 | Queue | Villager (Male) |
| 0:01 | Queue | Villager (Male) |
| 0:02 | Queue | Villager (Male) |
| 0:02 | Build | House |
| 0:04 | Build | House |
| 0:37 | Queue | Villager (Male) |
| 1:22 | Queue | Villager (Male) |
| 1:23 | Queue | Villager (Male) |
| 1:52 | Build | Lumber Camp |
| 2:00 | Queue | Villager (Male) |
| 2:00 | Queue | Villager (Male) |
| 2:01 | Queue | Villager (Male) |
| 2:10 | Queue | Villager (Male) |
| 2:10 | Queue | Villager (Male) |
| 2:44 | Queue | Villager (Male) |
| 2:44 | Queue | Villager (Male) |
| 3:06 | Queue | Villager (Male) |
| 3:35 | Build | House |
| 3:41 | Queue | Villager (Male) |
| 3:41 | Queue | Villager (Male) |
| 3:58 | Queue | Villager (Male) |
| 3:58 | Queue | Villager (Male) |
| 4:25 | Queue | Villager (Male) |
| 4:25 | Queue | Villager (Male) |
| 5:00 | Queue | Villager (Male) |
| 5:30 | Build | Barracks |
| 5:36 | Queue | Villager (Male) |
| 5:37 | Research | Loom |
| 6:08 | Build | House |
| 6:37 | Research | Feudal Age |
| 7:04 | Queue | Militia |
| 7:05 | Queue | Militia |
| 7:28 | Queue | Militia |
| 7:28 | Queue | Militia |
| 7:35 | Build | Mining Camp |
| 7:41 | Queue | Militia |
| 7:53 | Build | House |
| 7:54 | Build | Palisade Wall |
| 7:55 | Build | Palisade Wall |
| 7:55 | Build | Palisade Wall |
| 8:25 | Queue | Villager (Male) |
| 8:51 | Age | Feudal Age |
| 8:53 | Research | Man-at-Arms (upgrade) |
| 8:53 | Research | Man-at-Arms (upgrade) |
| 8:59 | Build | Archery Range |
| 9:14 | Queue | Villager (Male) |
| 9:17 | Queue | Spearman |
| 9:50 | Queue | Spearman |
| 9:59 | Build | Mill |
| 10:02 | Queue | Archer |
| 10:02 | Queue | Archer |
| 10:04 | Build | House |
| 10:05 | Build | House |
| 10:08 | Queue | Villager (Male) |
| 10:08 | Queue | Villager (Male) |
| 10:18 | Build | Palisade Wall |
| 10:32 | Queue | Villager (Male) |
| 10:51 | Build | Palisade Wall |
| 10:52 | Build | Palisade Wall |
| 10:52 | Build | Palisade Wall |
| 10:53 | Build | Palisade Wall |
| 10:54 | Build | Palisade Wall |
| 10:58 | Queue | Archer |
| 11:00 | Build | Palisade Wall |
| 11:02 | Queue | Spearman |
| 11:05 | Build | Farm |
| 11:06 | Build | Farm |
| 11:06 | Build | Farm |
| 11:06 | Build | Farm |
| 11:23 | Build | Palisade Wall |
| 11:23 | Build | Palisade Wall |
| 11:30 | Build | Palisade Wall |
| 11:32 | Build | Palisade Wall |
| 11:39 | Build | Farm |
| 11:41 | Build | Farm |
| 11:55 | Build | Palisade Wall |
| 12:00 | Queue | Villager (Male) |
| 12:09 | Build | Farm |
| 12:15 | Build | Palisade Wall |
| 12:18 | Build | Palisade Wall |
| 12:20 | Build | Palisade Wall |
| 12:22 | Queue | Villager (Male) |
| 12:33 | Queue | Villager (Male) |
| 12:50 | Queue | Archer |
| 12:50 | Queue | Archer |
| 13:01 | Build | House |
| 13:02 | Build | Palisade Wall |
| 13:18 | Queue | Villager (Male) |
| 13:18 | Queue | Villager (Male) |
| 13:25 | Build | Palisade Gate |
| 13:32 | Build | Farm |
| 13:54 | Build | Blacksmith |
| 14:03 | Queue | Villager (Male) |
| 14:14 | Build | Palisade Wall |
| 14:27 | Queue | Archer |
| 14:37 | Research | Fletching |
| 14:37 | Research | Fletching |
| 14:38 | Queue | Villager (Male) |
| 14:38 | Queue | Villager (Male) |
| 14:40 | Build | Farm |
| 14:45 | Build | Farm |
| 14:46 | Build | Farm |
| 14:55 | Build | Farm |
| 14:57 | Queue | Archer |
| 15:05 | Queue | Skirmisher |
| 15:22 | Build | Watch Tower |
| 15:32 | Queue | Villager (Male) |
| 15:35 | Build | House |
| 15:38 | Queue | Archer |
| 15:45 | Queue | Villager (Male) |
| 15:47 | Build | Farm |
| 15:49 | Build | Farm |
| 15:51 | Queue | Villager (Male) |
| 15:59 | Build | Palisade Gate |
| 16:01 | Build | Palisade Wall |
| 16:04 | Build | House |
| 16:08 | Build | Palisade Wall |
| 16:24 | Queue | Villager (Male) |
| 16:37 | Queue | Villager (Male) |
| 16:57 | Queue | Villager (Male) |
| 17:14 | Queue | Eagle Scout |
| 17:15 | Queue | Eagle Scout |
| 17:18 | Build | Lumber Camp |
| 17:28 | Queue | Villager (Male) |
| 17:35 | Build | Farm |
| 17:37 | Build | House |
| 17:43 | Queue | Eagle Scout |
| 17:43 | Queue | Eagle Scout |
| 17:46 | Research | Scale Mail Armor |
| 17:54 | Build | House |
| 17:57 | Build | Palisade Wall |
| 18:01 | Build | Palisade Wall |
| 18:05 | Build | Palisade Wall |
| 18:08 | Queue | Villager (Male) |
| 18:12 | Build | Palisade Wall |
| 18:28 | Queue | Villager (Male) |
| 18:33 | Build | House |
| 18:44 | Build | House |
| 18:47 | Queue | Eagle Scout |
| 19:23 | Research | Double-Bit Axe |
| 19:23 | Research | Double-Bit Axe |
| 19:41 | Queue | Villager (Male) |
| 19:54 | Build | Farm |
| 19:54 | Queue | Villager (Male) |
| 19:56 | Build | Farm |
| 20:08 | Build | Farm |
| 20:09 | Queue | Villager (Male) |
| 20:23 | Build | Market |
| 20:28 | Build | Palisade Wall |
| 20:45 | Queue | Villager (Male) |
Match timeline
| 5:30 | manteldon · first_building Barracks |
| 7:04 | aDT_Flempopo · first_building Barracks |
| 7:54 | manteldon · wall_segment Palisade Wall x1 |
| 7:55 | manteldon · wall_segment Palisade Wall x1 |
| 7:55 | manteldon · wall_segment Palisade Wall x1 |
| 8:07 | aDT_Flempopo · age_up feudal |
| 8:08 | aDT_Flempopo · first_building Stable |
| 8:37 | aDT_Flempopo · wall_segment Palisade Wall x5 |
| 8:42 | aDT_Flempopo · wall_segment Palisade Wall x2 |
| 8:51 | manteldon · age_up feudal |
| 8:57 | aDT_Flempopo · wall_segment Palisade Wall x6 |
| 8:59 | manteldon · first_building Archery Range |
| 10:18 | manteldon · wall_segment Palisade Wall x1 |
| 10:51 | manteldon · wall_segment Palisade Wall x1 |
| 10:52 | manteldon · wall_segment Palisade Wall x1 |
| 10:52 | manteldon · wall_segment Palisade Wall x1 |
| 10:53 | manteldon · wall_segment Palisade Wall x1 |
| 10:54 | manteldon · wall_segment Palisade Wall x1 |
| 10:58 | aDT_Flempopo · first_building Archery Range |
| 11:00 | manteldon · wall_segment Palisade Wall x5 |
| 11:23 | manteldon · wall_segment Palisade Wall x1 |
| 11:23 | manteldon · wall_segment Palisade Wall x1 |
| 11:30 | manteldon · wall_segment Palisade Wall x2 |
| 11:32 | manteldon · wall_segment Palisade Wall x9 |
| 11:55 | manteldon · wall_segment Palisade Wall x1 |
| 12:15 | manteldon · wall_segment Palisade Wall x6 |
| 12:18 | manteldon · wall_segment Palisade Wall x2 |
| 12:20 | manteldon · wall_segment Palisade Wall x6 |
| 12:33 | aDT_Flempopo · wall_segment Palisade Wall x8 |
| 13:02 | manteldon · wall_segment Palisade Wall x1 |
| 13:48 | aDT_Flempopo · wall_segment Palisade Wall x6 |
| 14:14 | manteldon · wall_segment Palisade Wall x1 |
| 15:34 | aDT_Flempopo · wall_segment Palisade Wall x1 |
| 15:37 | aDT_Flempopo · wall_segment Palisade Wall x3 |
| 16:01 | manteldon · wall_segment Palisade Wall x1 |
| 16:08 | manteldon · wall_segment Palisade Wall x1 |
| 17:57 | manteldon · wall_segment Palisade Wall x2 |
| 18:01 | manteldon · wall_segment Palisade Wall x1 |
| 18:05 | manteldon · wall_segment Palisade Wall x1 |
| 18:12 | manteldon · wall_segment Palisade Wall x1 |
| 20:28 | manteldon · wall_segment Palisade Wall x1 |
| 21:07 | manteldon · first_market_buy 100 food |
| 21:10 | manteldon · first_market_sell 100 wood |
| 23:10 | aDT_Flempopo · age_up castle |
| 23:56 | aDT_Flempopo · first_market_buy 100 stone |
| 24:05 | manteldon · age_up castle |
| 24:08 | manteldon · first_building Monastery |
| 28:27 | manteldon · resign |
[ AI ANALYSIS · 1 CREDIT ]
What really happened in this match?
Wolo.gg analyzes every decision: build order, eco, micro, common mistakes by bracket. Personalized analysis on WhatsApp or Discord in 30 seconds.
Civ guide
Persians
Perfil
Jugador #896261